 Dungeon Crawl Stone Soup version 0.30-a0-4-ga7cffc901d (webtiles) character file.

Game seed: 3845962702882882547

143983 Gargoyl the Severer (level 17, -4/114 HPs)
             Began as a Gargoyle Berserker on Aug 20, 2022.
             Was a High Priest of Trog.
             Slain by a nagaraja
             ... wielding a +2 vorpal spear
              (17 damage)
             ... on level 4 of the Snake Pit on Aug 21, 2022.
             The game lasted 00:41:54 (28805 turns).

Gargoyl the Severer (Gargoyle Berserker)           Turns: 28805, Time: 00:41:55

Health: -4/114     AC: 34    Str: 33    XL:     17   Next: 38%
Magic:  15/15      EV: 15    Int:  8    God:    Trog [*****.]
Gold:   1065       SH: 21    Dex: 18    Spells: 16/16 levels left

rFire   + . .      SeeInvis .    f - +6 hand axe of Saefen Nyig {flame, Contam rElec Int+3}
rCold   . . .      Faith    .    l - +3 kite shield
rNeg    + . .      Spirit   .    S - +1 chain mail {rF+}
rPois   ∞          Reflect  +    G - +2 hat {Stlth+}
rElec   +          Harm     .    H - scarf {repulsion}
rCorr   .          Rampage  .    b - +2 pair of gloves
Will    +....      Rnd*Tele +    m - +2 pair of boots
Stlth   ++........               y - amulet of reflection
HPRegen 0.29/turn                a - +4 ring of evasion
MPRegen 0.14/turn                s - +6 ring of strength

@: about to teleport, weakened, flying, constricted, repel missiles
A: sickness immunity, AC +12, big wings, negative energy resistance 1,
electricity resistance, torment resistance 1, petrification resistance, talons
1, agile 1, low MP 1, strong 1, teleportitis 1
a: Renounce Religion, Berserk, Trog's Hand, Brothers in Arms


You were on level 4 of the Snake Pit.
You worshipped Trog.
Trog was extremely pleased with you.
You visited 3 branches of the dungeon, and saw 24 of its levels.
You also visited: Sewer.

You collected 2067 gold pieces.
You spent 1002 gold pieces at shops.

Inventory:

Hand Weapons
 f - the +6 hand axe of Saefen Nyig (weapon) {flame, Contam rElec Int+3}
   (You bought it in a shop on level 1 of the Snake Pit)

   It burns those it strikes, dealing additional fire damage.
   Big, fiery blades are also staple armaments of hydra-hunters.
   Int:       It affects your intelligence (+3).
   rElec:     It insulates you from electricity.
   Contam:    It causes magical contamination when unequipped.
 n - a +1 war axe of flaming
 r - a +2 hand axe of distortion
 x - a +5 trident of freezing
 K - the +4 mace of Disharmony {antimagic, Str+3 Dex+2}
   (You found it on level 10 of the Dungeon)

   It reduces the magical energy of the wielder, and disrupts the spells and
   magical abilities of those it strikes.
   Natural abilities and divine invocations are not affected.
   Str:       It affects your strength (+3).
   Dex:       It affects your dexterity (+2).
 L - a +1 antimagic war axe
 M - a +3 war axe of venom
 N - a +2 falchion of holy wrath
Missiles
 j - 3 javelins
 k - 4 throwing nets
 D - 7 poisoned darts (quivered)
Armour
 b - a +2 pair of gloves (worn)
 l - a +3 kite shield (worn)
 m - a +2 pair of boots (worn)
 G - a +2 hat of stealth (worn)
 H - a scarf of repulsion (worn)
 S - a +1 chain mail of fire resistance (worn)
Jewellery
 a - a +4 ring of evasion (left hand)
 e - an amulet of the acrobat
 g - a +6 ring of dexterity
 s - a +6 ring of strength (right hand)
 y - an amulet of reflection (around neck)
 C - a ring of protection from fire
 F - a +4 ring of evasion
 J - a +6 ring of dexterity
 O - a ring of resist corrosion
 T - a +4 ring of evasion
 V - a ring of protection from fire
Wands
 p - a wand of polymorph (14)
 v - a wand of charming (18)
 w - a wand of iceblast (12)
 A - a wand of flame (48)
Scrolls
 o - 4 scrolls of silence
 t - 3 scrolls of butterflies
 u - 2 scrolls of teleportation
 z - 8 scrolls of identify
 B - 2 scrolls of brand weapon
 E - 5 scrolls of magic mapping
 R - 3 scrolls of poison
 W - a scroll of enchant weapon
Potions
 c - 7 potions of curing
 d - 3 potions of cancellation
 h - 4 potions of invisibility
 i - 3 potions of lignification
 q - a potion of berserk rage
 I - 4 potions of magic
 P - 3 potions of might


   Skills:
 + Level 15.7 Fighting
 + Level 17.6(17.7) Axes
 + Level 3.5(12.0) Polearms
 + Level 3.1 Throwing
 + Level 9.2 Armour
 + Level 11.0 Dodging
 + Level 9.6 Stealth
 + Level 11.2 Shields


You had 16 spell levels left.
You didn't know any spells.
Your spell library was empty.

Dungeon Overview and Level Annotations

Branches:
Dungeon (15/15)            Temple (0/1) D:6            Lair (5/5) D:9
 Shoals (0/4) Lair:2        Snake (4/4) Lair:3        Slime (0/5) Lair:5
    Orc (0/2) D:10         Vaults (0/5) D:14         Depths (0/4) D:15
  Sewer (visited)

Altars:
Ashenzari
Makhleb
Nemelex Xobeh
Okawaru
Ru
Trog
Xom
Yredelemnul
Jiyva

Shops:
D:1 (   D:6 =   Snake:1 :(:[(   Snake:2 =

Portals:
Abyss: Lair:1


Innate Abilities, Weirdness & Mutations

You are immune to sickness and miasma.
Your stone body is resilient. (AC +12)
You are immune to poison.
Your large and strong wings let you fly.
You resist negative energy. (rN+)
You are resistant to electric shocks. (rElec)
You are resistant to unholy torment.
You are immune to petrification.
You have sharp toenails.
You are agile. (Dex +4, Str/Int -1)
Your magical capacity is low. (-10% MP)
Your muscles are strong. (Str +4, Int/Dex -1)
You are occasionally teleported next to monsters.


Message History

Your two-headed ogre barely misses the nagaraja.
The nagaraja hits you from afar with a +2 vorpal spear!!
* * * LOW HITPOINT WARNING * * *
x2 You block the salamander mystic's attack.
You block the naga warrior's attack. The naga warrior constricts you.
The naga warrior hits you from afar with a +0 halberd!
* * * LOW HITPOINT WARNING * * *
You are confused.
You feel invigorated.
Your skin stops crawling.
You feel less strong-willed.
Your two-headed ogre looks as sick as possible!
The naga ritualist's toxic aura wanes.
The naga warrior no longer looks unusually strong.
The nagaraja gestures at you while chanting.
The bolt of poison misses you.
Your two-headed ogre hits the naga mage with a +0 giant club!!
Your two-headed ogre hits the naga mage with a +0 giant spiked club!!!
The naga mage dies!
Trog accepts your kill.
Trog appreciates your killing of a magic user.
The naga mage spits poison at you.
The splash of poison is repelled.
The nagaraja gestures wildly while chanting.
The nagaraja seems to speed up.
The salamander mystic hits you but does no damage.
The naga warrior hits you but does no damage.
The naga warrior completely misses you. The naga warrior constricts you.
* * * LOW HITPOINT WARNING * * *
The nagaraja spits poison at you.
The splash of poison hits you but does no damage.
You resist.
Are you sure you want to stumble around while confused and next to your two-headed ogre?
Okay, then.
You feel better.
You feel less invigorated.
The naga ritualist no longer looks unusually toxic.
The nagaraja no longer looks unusually strong.
The salamander tyrant no longer looks unusually strong.
The naga mage closely misses you.
The nagaraja hits you from afar with a +2 vorpal spear!
You die...

..#.........
...N.#..... ..
.......#... ...
..N......# ....
###..N⌠....## #....
##.NNNNN.....##......
#...ONN......)#.N....
#..#N@N..#..))).N....
#....)......))#N.....
#..)........).# ...##
#.............# ###
#########...##)..######
........)..)...........
...........).).....#+#.
.#'##.......###....'.
...#. #......## ##..##.


You could see 2 nagarajas, 2 naga warriors, a naga sharpshooter, a salamander
tyrant, a salamander mystic, a naga ritualist (strong, ally target), 2 naga
magi, 2 nagas and a friendly two-headed ogre (summoned, berserk, extremely
poisoned).

Vanquished Creatures
  A tentacled monstrosity (D:14)
  Jorgrun (D:15)
  Gastronok (Lair:3)
  Frances (D:14)
  Kirke (D:14)
  Agnes (D:14)
  4 nagarajas
  A very ugly thing (D:14)
  A juggernaut skeleton (D:15)
  The ghost of LucemDeus the Carver, a journeyman DsGl of Ignis (Lair:1)
  Josephine (Snake:1)
  Harold (D:10)
  6 boulder beetles
  7 vault guards
  4 hydras
  3 catoblepae
  7 two-headed ogres
  A death knight (D:10)
  5 anacondas
  4 centaur warriors
  An ogre mage (D:15)
  12 naga warriors
  A tengu warrior (D:10)
  6 death yaks (Lair:5)
  9 shock serpents
  A deep troll shaman (Lair:5)
  9 naga sharpshooters
  Sonja (D:10)
  Amaemon (D:8)
  A salamander mystic (Snake:4)
  10 skeletal warriors
  6 naga ritualists
  Pikel (D:7)
  A necromancer (D:15)
  A golden dragon skeleton (D:15)
  A phantasmal warrior (D:15)
  7 ugly things
  3 deep elf pyromancers
  A wolf spider (D:10)
  A frost giant zombie (D:15)
  2 orc knights
  2 manticores
  9 mana vipers
  9 salamanders
  6 cyclopes
  4 guardian serpents (Snake:1)
  8 elephants (Lair:5)
  15 naga magi
  26 black mambas
  9 cane toads
  Psyche (D:11)
  2 unseen horrors
  A spriggan zombie (D:15)
  2 demonic crawlers (D:14)
  7 komodo dragons
  A kobold demonologist (D:14)
  5 rime drakes
  An efreet (D:13)
  An ice devil (Lair:1)
  A troll (D:10)
  A tyrant leech (shapeshifter) (Lair:1)
  4 polar bears
  A wind drake (Lair:2)
  2 hornets
  Grinder (D:3)
  A raiju (Lair:1)
  12 blink frogs
  12 slime creatures
  A hornet (shapeshifter) (Lair:1)
  7 dream sheep (Lair:5)
  A large abomination (D:14)
  A spriggan (Lair:1)
  2 wyverns (Lair:3)
  A shadow (D:12)
  8 wraiths
  15 yaks
  A neqoxec (D:14)
  6 hogs (D:14)
  A steam dragon (D:7)
  A chaos spawn (D:14)
  6 vampire mosquitoes (D:13)
  4 basilisks
  39 nagas
  2 acid dragons
  9 water moccasins
  5 orc warriors
  6 black bears
  2 sky beasts
  3 ogres
  18 wolves
  3 centaurs (D:9)
  A phantom (D:6)
  5 small abominations (D:14)
  A kobold brigand (D:10)
  13 bullfrogs
  3 scorpions
  8 wights
  21 killer bees
  8 howler monkeys
  5 electric eels
  9 jellies
  3 orc priests
  A gnoll bouda (D:7)
  2 hounds
  2 iguanas (D:6)
  12 orc wizards
  Robin (D:3)
  6 gnolls
  11 adders
  A river rat (Sewer)
  3 shadow imps (D:7)
  A white imp (D:8)
  An ufetubus (D:4)
  4 worms
  5 dart slugs
  50 orcs
  10 ball pythons
  A bat (D:3)
  20 endoplasms
  13 giant cockroaches
  15 goblins
  7 hobgoblins
  10 jackals
  8 quokkas
  12 frilled lizards
  14 kobolds
  13 rats
714 creatures vanquished.

Vanquished Creatures (collateral kills)
  A nagaraja (Snake:4)
  An ettin (D:10)
  A vault guard (D:14)
  A boulder beetle (D:10)
  A salamander tyrant (Snake:4)
  A centaur warrior (D:10)
  A naga warrior (Snake:4)
  An ugly thing (Lair:1)
  A naga mage (Snake:4)
  An orange demon (D:8)
  A yak (D:8)
11 creatures vanquished.

Vanquished Creatures (others)
  A naga warrior (Snake:3)
  43 fungi
  56 plants
  16 withered plants (D:15)
116 creatures vanquished.

Grand Total: 841 creatures vanquished

Notes
Turn   | Place    | Note
-------+----------+-------------------------------------------
     0 | D:1      | Gargoyl the Gargoyle Berserker began the quest for the Orb.
     0 | D:1      | Reached XP level 1. HP: 14/14 MP: 1/1
    81 | D:1      | Reached XP level 2. HP: 16/19 MP: 2/2
   154 | D:1      | Found a faded altar of an unknown god.
   189 | D:1      | Reached skill level 3 in Axes
   252 | D:1      | Found Piakked's Antique Weapon Shop.
   329 | D:1      | Reached XP level 3. HP: 12/23 MP: 3/3
   874 | D:1      | Reached ** piety under Trog
  1078 | D:2      | Reached XP level 4. HP: 29/29 MP: 4/4
  1316 | D:2      | Reached skill level 4 in Axes
  1457 | D:2      | Reached XP level 5. HP: 23/33 MP: 5/5
  2056 | D:3      | Found a broken altar of Ashenzari.
  2058 | D:3      | Noticed Robin
  2078 | D:3      | Killed Robin
  2304 | D:3      | Noticed Grinder
  2307 | D:3      | Reached *** piety under Trog
  2317 | D:3      | Killed Grinder
  2318 | D:3      | Reached skill level 5 in Axes
  2318 | D:3      | Reached XP level 6. HP: 39/39 MP: 6/6
  3013 | D:4      | Reached XP level 7. HP: 41/44 MP: 7/7
  3337 | D:4      | Found a glowing drain.
  3341 | Sewer    | Entered a sewer
  3407 | Sewer    | Reached **** piety under Trog
  3600 | Sewer    | Found a viscous altar of Jiyva.
  3924 | D:5      | Entered Level 5 of the Dungeon
  3931 | D:5      | Reached skill level 6 in Axes
  3941 | D:5      | Reached skill level 5 in Fighting
  4163 | D:5      | Found a burning altar of Makhleb.
  4182 | D:5      | Reached XP level 8. HP: 39/49 MP: 8/8
  4671 | D:6      | Identified the +1 leather armour of Hepliaklqana's Pride
                  | {rF+++ Will- Int+2 Stlth+}
  4699 | D:6      | Found a staircase to the Ecumenical Temple.
  4745 | D:6      | Reached skill level 7 in Axes
  4940 | D:6      | Reached skill level 5 in Armour
  4988 | D:6      | Found Feopupt's Jewellery Emporium.
  5388 | D:7      | Reached XP level 9. HP: 39/55 MP: 9/9
  5507 | D:7      | Reached skill level 1 in Stealth
  5530 | D:7      | Reached skill level 8 in Axes
  5764 | D:7      | Found an iron altar of Okawaru.
  6007 | D:7      | Noticed Pikel
  6027 | D:7      | Killed Pikel
  6059 | D:7      | Reached skill level 9 in Axes
  6262 | D:7      | Found a sacrificial altar of Ru.
  6432 | D:7      | Reached skill level 1 in Throwing
  6657 | D:7      | Found a basalt altar of Yredelemnul.
  6877 | D:8      | Found a shimmering altar of Xom.
  6992 | D:8      | Noticed Amaemon
  6993 | D:8      | Noticed an orange demon
  7002 | D:8      | Killed Amaemon
  7003 | D:8      | Reached XP level 10. HP: 64/64 MP: 10/10
  7005 | D:8      | Killed an orange demon
  7064 | D:8      | Noticed a deep elf pyromancer
  7072 | D:8      | Reached skill level 10 in Axes
  7417 | D:8      | Noticed a two-headed ogre
  7427 | D:8      | Killed a two-headed ogre
  7645 | D:8      | Killed a deep elf pyromancer
  7867 | D:9      | Reached skill level 11 in Axes
  7871 | D:9      | Reached skill level 1 in Polearms
  7871 | D:9      | Reached skill level 5 in Dodging
  7988 | D:9      | Reached XP level 11. HP: 67/69 MP: 11/11
  8073 | D:10     | Entered Level 10 of the Dungeon
  8291 | D:9      | Found a bloodstained altar of Trog.
  8338 | D:9      | Found a sparkling altar of Nemelex Xobeh.
  8394 | D:9      | Found a staircase to the Lair.
  8487 | D:9      | Noticed a boulder beetle
  8536 | D:9      | Killed a boulder beetle
  8853 | Lair:1   | Entered Level 1 of the Lair of Beasts
  8860 | Lair:1   | Found a one-way gate to the infinite horrors of the Abyss.
  8860 | Lair:1   | Noticed LucemDeus's ghost (journeyman DsGl)
  8901 | Lair:1   | Found a transporter.
  8914 | Lair:1   | Found a transporter.
  8925 | Lair:1   | Noticed a spriggan rider
  8969 | Lair:1   | Reached skill level 12 in Axes
  9116 | Lair:1   | Noticed a purple ugly thing
  9118 | Lair:1   | Noticed a brown ugly thing
  9177 | Lair:1   | Noticed a two-headed ogre
  9201 | Lair:1   | Gained mutation: Your magical capacity is low. (-10% MP)
                  | [potion of mutation]
  9201 | Lair:1   | Gained mutation: You are agile. (Dex +4, Str/Int -1)
                  | [potion of mutation]
  9201 | Lair:1   | Gained mutation: You have sharp toenails. [potion of
                  | mutation]
  9201 | Lair:1   | Gained mutation: Your muscles are strong. (Str +4, Int/Dex
                  | -1) [potion of mutation]
 10360 | Lair:1   | Noticed an entropy weaver
 10445 | Lair:1   | Noticed a jorogumo
 10453 | Lair:1   | Killed a brown ugly thing
 10465 | Lair:1   | a jorogumo changed into a tyrant leech
 10474 | Lair:1   | Killed LucemDeus's ghost
 10475 | Lair:1   | Reached XP level 12. HP: 77/77 MP: 10/10
 10851 | Lair:2   | Noticed a six-headed hydra
 10863 | Lair:2   | Killed a two-headed hydra
 10873 | Lair:2   | Reached skill level 10 in Fighting
 11071 | Lair:2   | Found a staircase to the Shoals.
 11210 | Lair:2   | Reached skill level 13 in Axes
 11687 | Lair:3   | Noticed Gastronok
 11705 | Lair:3   | Killed Gastronok
 12159 | Lair:3   | Found a staircase to the Snake Pit.
 12262 | Lair:3   | Noticed a four-headed hydra
 12270 | Lair:3   | Killed a one-headed hydra
 12271 | Lair:3   | Reached skill level 5 in Stealth
 12420 | Lair:3   | Noticed a boulder beetle
 12448 | Lair:3   | Killed a boulder beetle
 12699 | Lair:4   | Upgraded the game from 0.30-a0-3-gc9032a9cac to
                  | 0.30-a0-4-ga7cffc901d
 12792 | Lair:4   | Reached XP level 13. HP: 71/84 MP: 11/11
 13361 | Lair:4   | Reached skill level 14 in Axes
 13427 | Lair:5   | Entered Level 5 of the Lair of Beasts
 14403 | Lair:5   | Reached skill level 15 in Axes
 14475 | Lair:5   | Reached ***** piety under Trog
 14498 | Lair:5   | Gained mutation: Your large and strong wings let you fly.
                  | [Gargoyle growth]
 14498 | Lair:5   | Reached XP level 14. HP: 72/92 MP: 12/12
 14671 | Lair:5   | Found a staircase to the Slime Pits.
 14672 | Lair:5   | Found a viscous altar of Jiyva.
 15212 | D:10     | Identified the +7 morningstar of Wu Jian's Whim {flame, rF+
                  | Str+3}
 15294 | D:10     | Found a transporter.
 15297 | D:10     | Identified the +4 mace of Disharmony {antimagic, Str+3
                  | Dex+2}
 15381 | D:10     | Found a transporter.
 15403 | D:10     | Noticed Sonja
 15437 | D:10     | Killed Sonja
 15609 | D:10     | Identified the +0 leather armour of Ijeuwoc {Drain rF+
                  | Str+5}
 15758 | D:10     | Received a gift from Trog
 15772 | D:10     | Noticed Harold
 15789 | D:10     | Killed Harold
 16017 | D:10     | Found a staircase to the Orcish Mines.
 16690 | D:11     | Noticed Psyche
 16703 | D:11     | Killed Psyche
 17597 | D:12     | You are sucked into a shaft and drop 2 floors!
 18840 | D:13     | Reached skill level 16 in Axes
 19790 | D:14     | Found a gate to the Vaults.
 19843 | D:15     | Entered Level 15 of the Dungeon
 20021 | D:15     | Reached XP level 15. HP: 45/99 MP: 13/13
 20031 | D:15     | Reached skill level 10 in Dodging
 20579 | D:14     | Noticed Kirke
 20596 | D:14     | Killed Kirke
 20695 | D:14     | Reached skill level 1 in Shields
 20986 | D:14     | Noticed Agnes
 21001 | D:14     | Killed Agnes
 21467 | D:14     | Noticed Frances
 21478 | D:14     | Killed Frances
 21488 | D:14     | Found a runed translucent door.
 21848 | D:14     | Noticed a tentacled monstrosity
 21874 | D:14     | Killed a tentacled monstrosity
 21883 | D:14     | Gained mutation: You are occasionally teleported next to
                  | monsters. [a neqoxec]
 22294 | D:15     | Noticed Jorgrun
 22316 | D:15     | Killed Jorgrun
 22572 | D:15     | Found a staircase to the Depths.
 23588 | Snake:1  | Entered Level 1 of the Snake Pit
 23641 | Snake:1  | Found Rexkeb's Book Shop.
 23653 | Snake:1  | Reached skill level 5 in Shields
 23845 | Snake:1  | Found Zejotyut's Antique Weapon Emporium.
 23875 | Snake:1  | Reached XP level 16. HP: 84/107 MP: 14/14
 24046 | Snake:1  | Found Qeys's Weapon Boutique.
 24080 | Snake:1  | Reached skill level 17 in Axes
 24201 | Snake:1  | Noticed Josephine
 24222 | Snake:1  | Reached skill level 15 in Fighting
 24226 | Snake:1  | Killed Josephine
 24400 | Snake:1  | Found Ymyitz's Book Emporium.
 24837 | Snake:1  | Bought the +6 hand axe of Saefen Nyig {flame, Contam rElec
                  | Int+3} for 1002 gold pieces
 24894 | Snake:1  | Found Zyusubodia's Antique Armour Shoppe.
 25548 | Snake:2  | You are sucked into a shaft and drop 1 floor!
 26253 | Snake:2  | Noticed a nagaraja
 26257 | Snake:2  | Found Bynich's Jewellery Emporium.
 26280 | Snake:2  | Killed a nagaraja
 26954 | Snake:2  | Noticed a nagaraja
 26967 | Snake:2  | Killed a nagaraja
 27562 | Snake:3  | Noticed a nagaraja
 27574 | Snake:3  | Killed a nagaraja
 27684 | Snake:3  | Reached XP level 17. HP: 78/113 MP: 9/15
 27701 | Snake:3  | Reached skill level 10 in Shields
 28342 | Snake:4  | Entered Level 4 of the Snake Pit
 28803 | Snake:4  | HP: 2/114 [naga warrior/+0 halberd (13)]
 28805 | Snake:4  | Slain by a nagaraja

Illustrated notes

Levels and vault maps discovered:
D:1:      dpeg_arrival_round_c, layout_loops_ring, serial_shops, shop,
          dreamdust_ecumenical_altar_grove
D:2:      layout_loops_ring
D:3:      layout_basic, mainiacjoe_overflow_concentric_impassable, uniq_grinder,
          uniq_robin
D:4:      layout_rooms, gup_sewer_entry_spiral
D:5:      layout_loops_ring, old_standard_altar
D:6:      layout_cave_pools, minmay_temple_entry_junction, serial_shops, shop,
          serial_column_ruins, column_ruins_circle_medium,
          column_ruins_hut_pillars, column_ruins_corridor_straight,
          column_ruins_corridor_dead_end, column_ruins_corridor_straight,
          column_ruins_open_small, column_ruins_open_tiny,
          column_ruins_open_tiny
D:7:      layout_loops_corners, nicolae_ru_the_path_less_chosen,
          mainiacjoe_overflow_24_doors, kennysheep_mini, enter_bailey_1,
          kennysheep_nondescript, grunt_decor_one_mirror, uniq_pikel
D:8:      layout_gridville, general_overflow_altar, uniq_amaemon
D:9:      layout_irregular_city, trog_hazing_becter,
          nicolae_overflow_hidden_temple, due_lair_maze_entry_diamond,
          serial_column_ruins, column_ruins_hut, column_ruins_square_small,
          column_ruins_open_small, column_ruins_open_small_water,
          column_ruins_open_small, column_ruins_grid_1
D:10:     gammafunk_sealed_arena, layout_basic, hiddenorc1_lemuel, uniq_sonja,
          uniq_harold
D:11:     layout_long_grid, uniq_psyche
D:12:     layout_small_grid, serial_glass, glass_columns_a, glass_columns_a
D:13:     layout_loops_corners, grunt_ministairs_7, minivault_24,
          kennysheep_potato
D:14:     cheibrodos_body_horror, layout_irregular_city, erik_vaults_2,
          chequers_serial_rivers_room_a, uniq_frances, uniq_kirke, uniq_agnes
D:15:     gammafunk_depths_entry_grave, layout_loops_cross, uniq_jorgrun
Lair:1:   layout_cellular_growth, gammafunk_ghost_abyssal_escape,
          beast_lair_carwin_9
Lair:2:   layout_long_grid, minmay_shoals_entry_beasts, grunt_megastairs_5
Lair:3:   layout_loops_ring, guppyfry_snake_entry_island, uniq_gastronok
Lair:4:   layout_loops_ring, grunt_forest_small_clearing_treed
Lair:5:   grunt_lair_end_beastmaster, layout_gridlike, slime_entry_1,
          nicolae_quartered_pool_impasse, minmay_lair_drake_nest,
          serial_bayou_shore_a
Snake:1:  kennysheep_six_static_rooms, layout_chambers, serial_shops,
          nicolae_shop_hallway_plus, nicolae_diamond_shop,
          nicolae_shop_statue_plus, nicolae_shop_bloodbath_and_beyond,
          nicolae_shop_stone, uniq_josephine
Snake:2:  layout_layer_cave, serial_shops, nicolae_shop_crystal, st_stairs_6,
          grunt_megastairs_1
Snake:3:  layout_basic
Snake:4:  snake_pit, layout_cave_town

Skill      XL: |  1  2  3  4  5  6  7  8  9 10 11 12 13 14 15 16 17 |
---------------+----------------------------------------------------+-----
Axes           | 3 4 5 6 7 9 11 12 13 15 16 17 | 17.6
Dodging        | 2 3 5 6 7 8 9 10 11 | 11.0
Fighting       | 4 5 6 7 8 9 10 12 13 14 15 | 15.7
Armour         | 3 4 5 6 7 8 9 |  9.2
Stealth        | 2 3 5 7 8 9 |  9.6
Throwing       | 1 2 3 |  3.1
Polearms       | 1 2 3 |  3.5
Shields        | 5 9 11 | 11.2

Action                   |  1- 3 |  4- 6 |  7- 9 | 10-12 | 13-15 | 16-18 || total
-------------------------+-------+-------+-------+-------+-------+-------++-------
Melee: Hand axe          |    85 |   102 |       |       |       |   442 ||   629
       Punch             |       |     2 |     2 |     8 |     7 |       ||    19
       War axe           |       |    50 |   304 |   409 |   963 |   184 ||  1910
       Trident           |       |       |       |    60 |       |       ||    60
Throw: Javelin           |       |       |     3 |     5 |     4 |       ||    12
       Throwing net      |       |       |       |     4 |     2 |       ||     6
       Dart              |       |       |       |     3 |    16 |     1 ||    20
Invok: Berserk           |     2 |     3 |     2 |     4 |    15 |     3 ||    29
       Trog's Hand       |       |     4 |     4 |    13 |    18 |     6 ||    45
       Brothers in Arms  |       |       |     1 |     2 |     3 |     1 ||     7
  Use: Scroll            |       |     7 |    13 |    11 |    11 |     5 ||    47
       Potion            |       |       |       |     5 |    10 |     6 ||    21
 Stab: Held in net/web   |       |       |       |     1 |       |       ||     1
       Sleeping          |       |       |       |     7 |    15 |     8 ||    30
       Distracted        |       |       |       |     1 |     4 |     2 ||     7
       Petrified         |       |       |       |       |     6 |       ||     6
       Invisible         |       |       |       |       |       |     3 ||     3
Armor: Animal skin       |    22 |       |       |       |       |       ||    22
       Ring mail         |     4 |    95 |     1 |       |       |       ||   100
       Chain mail        |       |       |   196 |       |    46 |   167 ||   409
       Steam dragon scal |       |       |    36 |   204 |   289 |       ||   529
Dodge: Dodged            |    65 |   140 |   230 |   630 |   857 |   238 ||  2160
       Repelled          |       |       |       |       |     9 |    35 ||    44
Block: Kite shield       |       |       |       |       |   211 |   634 ||   845
       Reflection        |       |       |       |       |     7 |    89 ||    96

Table legend: (Time is in decaauts)
 A = Elapsed time spent in this place.
 B = Non-inter-level travel time spent in this place.
 C = Inter-level travel time spent in this place.
 D = Time resting spent in this place.
 E = Time spent auto-exploring this place.
 F = Levels seen in this place.
 G = Mean time per level.
                   A        B        C        D        E       F      G
               +--------+--------+--------+--------+--------+-----+--------+
         Total |  28807 |  27098 |   1709 |   1038 |  20263 |  25 | 1152.3 |
       Dungeon |  16982 |  16065 |    917 |    818 |  11904 |  15 | 1132.1 |
          Lair |   6231 |   5511 |    720 |    104 |   4309 |   5 | 1246.2 |
     Snake Pit |   5093 |   5022 |     71 |     95 |   3795 |   4 | 1273.2 |
         Sewer |    498 |    498 |      0 |     21 |    254 |   1 |  498.0 |
               +--------+--------+--------+--------+--------+-----+--------+

Top non-repeatable levels by time:
  Lair:1: 2108 daAuts
 Snake:1: 1942 daAuts
    D:14: 1930 daAuts
    D:15: 1763 daAuts
    D:13: 1588 daAuts
    D:10: 1561 daAuts
  Lair:5: 1526 daAuts
 Snake:2: 1516 daAuts
     D:7: 1408 daAuts
 Snake:3: 1205 daAuts
     D:1: 1093 daAuts
     D:8: 1078 daAuts
  Lair:3: 1033 daAuts
     D:2: 949 daAuts
    D:12: 934 daAuts
